Map: Stasis LE

Players

Grimreaper - Winner!

  • Race: Protoss Protoss
  • Spawn Location: 1:00

VOD

Have the link to the VOD?

Description

Time

  • Played on: Jan. 19, 2019, 5:11 p.m.
  • Length: 17:49
Show
View Real Time Build Order
Export as new Build Order

Grimreaper Protoss - Winner!

Build Orders:  

Get SALT Encoding   

  1  0:00  Probe (Chrono Boost)  
  13  0:11  Probe (Chrono Boost)  
  14  0:27  Pylon  
  14  0:35  Probe (Chrono Boost)  
  15  0:55  Probe (Chrono Boost)  
  16  1:03  Gateway  
  17  1:12  Probe (Chrono Boost)  
  17  1:24  Forge  
  17  1:37  Probe (Chrono Boost)  
  18  1:42  Assimilator  
  18  1:46  Assimilator  
  18  1:54  Probe (Chrono Boost)  
  19  2:09  Probe (Chrono Boost)  
  20  2:20  Probe (Chrono Boost)  
  20  2:24  Photon Cannon  
  20  2:27  Photon Cannon  
  21  2:31  Probe (Chrono Boost)  
  22  2:57  Cybernetics Core  
  22  3:09  Photon Cannon  
  22  3:15  Photon Cannon  
  22  3:29  Pylon  
  22  3:43  Probe (Chrono Boost)  
  23  3:54  Zealot  
  23  3:59  Probe (Chrono Boost)  
  26  4:08  Pylon  
  26  4:29  Nexus  
  26  4:42  Probe (Chrono Boost)  
  27  4:53  Probe (Chrono Boost)  
  28  5:01  Zealot  
  28  5:06  Probe (Chrono Boost)  
  31  5:16  Pylon  
  31  5:22  Probe (Chrono Boost)  
  32  5:39  Probe (Chrono Boost)  
  33  5:43  Gateway  
  33  5:56  Gateway, Probe (Chrono Boost)  
  34  6:00  Warp Gate  
  34  6:02  Protoss Ground Weapons Level 1  
  34  6:08  Zealot  
  36  6:13  Probe (Chrono Boost)  
  36  6:18  Probe (Chrono Boost)  
  37  6:29  Probe (Chrono Boost)  
  39  6:30  Probe (Chrono Boost)  
  40  6:42  Probe (Chrono Boost)  
  40  6:47  Probe (Chrono Boost)  
  42  6:59  Probe (Chrono Boost)  
  43  7:07  Pylon  
  43  7:15  Stalker  
  43  7:18  Stalker  
  43  7:19  Stalker  
  49  7:35  Twilight Council  
  49  7:42  Stargate  
  50  7:50  Probe (Chrono Boost)  
  50  7:57  Assimilator  
  50  8:04  Assimilator  
  50  8:07  Probe (Chrono Boost)  
  51  8:13  Photon Cannon  
  51  8:14  Photon Cannon  
  51  8:18  Photon Cannon  
  51  8:21  Photon Cannon  
  51  8:24  Probe (Chrono Boost)  
  51  8:26  Shield Battery  
  51  8:29  Shield Battery  
  52  8:32  Shield Battery  
  52  8:33  Shield Battery  
  52  8:36  Zealot  
  52  8:37  Zealot  
  56  8:41  Sentry  
  58  9:07  Probe (Chrono Boost)  
  60  9:12  Probe (Chrono Boost)  
  60  9:24  Probe (Chrono Boost)  
  60  9:29  Probe (Chrono Boost)  
  63  9:41  Probe (Chrono Boost)  
  63  9:46  Probe (Chrono Boost)  
  64  10:27  Nexus  
  62  10:37  Nexus  
  58  10:49  Oracle  
  57  10:55  Zealot x2  
  57  10:56  Zealot  
  63  11:00  Charge  
  63  11:07  Protoss Air Weapons Level 1  
  66  11:11  Protoss Ground Weapons Level 2  
  66  11:22  Probe (Chrono Boost)  
  66  11:27  Probe (Chrono Boost)  
  68  11:39  Probe (Chrono Boost)  
  69  11:44  Probe (Chrono Boost)  
  70  11:55  Pylon  
  70  11:56  Pylon  
  70  11:57  Pylon  
  70  12:01  Pylon  
  70  12:03  Pylon  
  70  12:05  Pylon  
  70  12:08  Pylon  
  70  12:09  Oracle, Probe x2 (Chrono Boost)  
  75  12:19  Probe (Chrono Boost)  
  77  12:22  Probe (Chrono Boost)  
  77  12:26  Probe x2 (Chrono Boost)  
  79  12:36  Probe (Chrono Boost)  
  79  12:39  Probe (Chrono Boost)  
  81  12:43  Probe x2 (Chrono Boost)  
  83  12:53  Probe (Chrono Boost)  
  83  12:56  Probe (Chrono Boost)  
  90  13:00  Probe x2 (Chrono Boost)  
  90  13:01  Oracle  
  90  13:09  Probe (Chrono Boost)  
  91  13:13  Probe (Chrono Boost)  
  91  13:17  Probe x2 (Chrono Boost)  
  94  13:26  Probe (Chrono Boost)  
  82  13:30  Probe (Chrono Boost)  
  94  13:34  Probe x2 (Chrono Boost)  
  96  13:57  Blink  
  87  15:40  Stargate  
  87  15:42  Stargate  
  87  15:47  Stargate  
  87  15:53  Templar Archives  
  87  15:56  Fleet Beacon  
  87  15:59  Dark Shrine  
  87  16:05  Gateway  
  87  16:07  Gateway  
  87  16:09  Gateway  
  87  16:11  Gateway  
  87  16:15  Gateway, Robotics Facility  
  87  16:35  Probe (Chrono Boost)  
  89  16:41  Probe (Chrono Boost)  
  89  16:52  Probe (Chrono Boost)  
  90  17:09  Probe (Chrono Boost)  
  91  17:26  Probe (Chrono Boost)  
Tags
 
Matchup
Co-op
Replay Pack
Multiplayer
Add a new tag
Caveats
  • Supply blocks, unpowered buildings, or Contaminate may cause inaccurate times.
  • Supply counts are checked every 10 seconds.